 Dungeon Crawl Stone Soup version 0.29-a0-294-g83ea962da3 (webtiles) character file.

Game seed: 16354463789187447294

95 Dabor the Sneak (level 4, 0/24 HPs)
             Began as a Kobold Enchanter on Mar 18, 2022.
             Killed from afar by an orc wizard (7 damage)
             ... with a magic dart
             ... on level 2 of the Dungeon.
             The game lasted 00:04:06 (2035 turns).

Dabor the Sneak (Kobold Enchanter)                  Turns: 2035, Time: 00:04:06

Health: 0/24       AC:  5    Str:  5    XL:     4   Next: 97%
Magic:  1/8        EV: 15    Int: 16    God:
Gold:   61         SH:  4    Dex: 17    Spells: 6/8 levels left

rFire   . . .      SeeInvis .   a - +1 dagger
rCold   + . .      Faith    .   f - +0 buckler {AC+3}
rNeg    . . .      Spirit   .   b - +0 robe
rPois   .          Reflect  .   (no helmet)
rElec   .          Harm     .   (no cloak)
rCorr   .          Rampage  .   (no gloves)
Will    .....                   (no boots)
Stlth   ++++......              (no amulet)
HPRegen 0.08/turn               g - ring of protection from cold
MPRegen 0.11/turn               (no ring)

@: no status effects
A: small, no large weapons, nightstalker 3
a: no special abilities


You were on level 2 of the Dungeon.
You visited 1 branch of the dungeon, and saw 2 of its levels.

You collected 61 gold pieces.

Inventory:

Hand Weapons
 a - a +1 dagger (weapon)
Missiles
 i - 2 throwing nets
Armour
 b - a +0 robe (worn)
 f - a +0 buckler of protection (worn)
Jewellery
 g - a ring of protection from cold (left hand)
Scrolls
 e - a scroll of enchant weapon {unknown}
 h - a scroll of blinking {unknown}
Potions
 c - 2 potions of invisibility
 d - a potion of might {unknown}


   Skills:
 + Level 0.9 Fighting
 * Level 2.4 Short Blades
 * Level 3.2 Dodging
 * Level 4.8 Stealth
 * Level 2.8 Spellcasting
 * Level 3.4 Hexes
 + Level 0.6 Ice Magic


You had 6 spell levels left.
You knew the following spells:

 Your Spells              Type           Power      Damage    Failure   Level
a - Ensorcelled Hibernat  Hex/Ice        16%        N/A       19%         2

Your spell library contained the following spells:

 Spells                   Type           Power      Damage    Failure   Level
 Confusing Touch          Hex            13%        N/A       22%         3
 Tukima's Dance           Hex            13%        N/A       22%         3
 Pain                     Necr           8%         1d4       30%         1
 Dazzling Flash           Conj/Hex       14%        N/A       41%         3
 Gell's Gravitas          Tloc           2%         N/A       65%         3
 Ignite Poison            Fire/Tmut/Pois 2%         N/A       65%         3
 Lesser Beckoning         Tloc           2%         N/A       65%         3
 Mephitic Cloud           Conj/Pois/Air  2%         N/A       65%         3
 Teleport Other           Tloc           2%         N/A       65%         3
 Agony                    Necr           2%         N/A       100%        5
 Excruciating Wounds      Necr           1%         N/A       100%        5
 Freezing Cloud           Conj/Ice/Air   1%         6-21      100%        5


Dungeon Overview and Level Annotations

Branches:
Dungeon (2/15)

Altars:
Uskayaw


Innate Abilities, Weirdness & Mutations

You are small and have problems with some larger weapons.
You are completely attuned to the shadows.


Message History

The orc wizard is severely wounded.
The orc wizard gestures wildly while chanting.
The orc wizard flickers and vanishes!
Deactivating autopickup; reactivate with Ctrl-A.
You hit something but do no damage. You block something's attack.
Aiming: Ensorcelled Hibernation (safe; 19% risk of failure)
Press: ? - help, Q - select action, (/) - cycle Shift-Dir - straight line Nothing appears to happen.
Aiming: Ensorcelled Hibernation (safe; 19% risk of failure)
Press: ? - help, Q - select action, (/) - cycle Shift-Dir - straight line Nothing appears to happen.
You closely miss something.
You hear a shout!
Something barely misses you.
You miss something.
You hear some strange, mumbled words.
A magic dart appears from out of thin air!
The magic dart hits you!
You hit something but do no damage. Something hits you.
* * * LOW HITPOINT WARNING * * *
Aiming: Ensorcelled Hibernation (safe; 19% risk of failure)
Press: ? - help, Q - select action, (/) - cycle Shift-Dir - straight line Nothing appears to happen.
Something hits you.
* * * LOW HITPOINT WARNING * * *
Aiming: Ensorcelled Hibernation (safe; 19% risk of failure)
Press: ? - help, Q - select action, (/) - cycle Shift-Dir - straight line Nothing appears to happen.
Something hits you.
* * * LOW HITPOINT WARNING * * *
It was a potion of curing.
You feel better. Something hits you but does no damage.
You miss something. Something hits you but does no damage.
You miss something. Something hits you.
You barely miss something. Something barely misses you. Something hits you.
* * * LOW HITPOINT WARNING * * *
A magic dart appears from out of thin air!
The magic dart hits you!
You die...

.# #..........# # .#
###.####.##### # .#
#........#########
.####.### ##
#.#.#####.........
........##.# #.#.#
##.#.#######
.####.#.#.######.#.#
#.###....#
.)..##......).##.#.#
##.#.###.#
...............#.#)#####..#
#.#
.##.#######.....@.....)...#
#.# .##.# #...{....######.#
#.# .##.# #......###
#.###.# .##.# #####...#.#
#.....# .##.####.........#
#.##### .##......#.....<.#
#.# .#######.#....#### #.#
.#######.#..### ### #.#
.##......#..# ##.####.#


There were no monsters in sight!

Vanquished Creatures
  An orc wizard (D:2)
  4 gnolls
  A dart slug (D:1)
  An orc (D:2)
  A ball python (D:1)
  2 bats
  An endoplasm (D:1)
  A giant cockroach (D:1)
  2 goblins (D:1)
  5 hobgoblins
  3 quokkas
  5 kobolds
27 creatures vanquished.

Notes
Turn   | Place    | Note
-------+----------+-------------------------------------------
     0 | D:1      | Dabor the Kobold Enchanter began the quest for the Orb.
     0 | D:1      | Reached XP level 1. HP: 10/10 MP: 3/3
   205 | D:1      | Reached XP level 2. HP: 15/15 MP: 5/5
   532 | D:1      | Learned a level 2 spell: Ensorcelled Hibernation
   715 | D:1      | Found a faded altar of an unknown god.
   867 | D:1      | Reached XP level 3. HP: 19/19 MP: 6/6
  1052 | D:2      | Found a hide-covered altar of Uskayaw.
  1556 | D:2      | Reached XP level 4. HP: 24/24 MP: 2/8
  2035 | D:2      | Killed from afar by an orc wizard

Illustrated notes

Levels and vault maps discovered:
D:1:      lightli_arrival_quake, layout_basic,
          hellmonk_ecumenical_altar_prayer_group
D:2:      layout_loops_ring, basic_altar

Skill      XL: |  1  2  3 |
---------------+----------+-----
Short Blades   | 2 |  2.4
Dodging        | 3 |  3.2
Fighting       | |  0.9
Stealth        | |  4.8
Spellcasting   | |  2.8
Hexes          | |  3.4
Ice Magic      | |  0.6

Action                   |  1- 3 |  4- 6 || total
-------------------------+-------+-------++-------
Melee: Dagger            |    60 |    29 ||    89
 Cast: Ensorcelled Hiber |     7 |     6 ||    13
  Use: Potion            |       |     1 ||     1
 Stab: Sleeping          |    10 |     4 ||    14
Armor: Robe              |     7 |     2 ||     9
Dodge: Dodged            |    45 |    13 ||    58
Block: Buckler           |     1 |     3 ||     4

Table legend: (Time is in decaauts)
 A = Elapsed time spent in this place.
 B = Non-inter-level travel time spent in this place.
 C = Inter-level travel time spent in this place.
 D = Time resting spent in this place.
 E = Time spent auto-exploring this place.
 F = Levels seen in this place.
 G = Mean time per level.
                   A        B        C        D        E       F      G
               +--------+--------+--------+--------+--------+-----+--------+
         Total |   2029 |   2020 |      9 |    151 |   1500 |   2 | 1014.5 |
       Dungeon |   2029 |   2020 |      9 |    151 |   1500 |   2 | 1014.5 |
               +--------+--------+--------+--------+--------+-----+--------+

Top non-repeatable levels by time:
     D:1: 1103 daAuts
     D:2: 926 daAuts
